 Dungeon Crawl Stone Soup version 0.30-a0-118-ga018f8e90f (webtiles) character file.

Game seed: 2098847709911544975

54 porpoise the Poker (level 3, -4/28 HPs)
             Began as a Demonspawn Gladiator on Sept 14, 2022.
             Killed from afar by Ijyb (16 damage)
             ... with a bolt of light
             ... on level 3 of the Dungeon.
             The game lasted 00:03:55 (1423 turns).

porpoise the Poker (Demonspawn Gladiator)           Turns: 1423, Time: 00:03:56

Health: -4/28      AC:  7    Str: 16    XL:     3   Next: 66%
Magic:  3/3        EV: 11    Int:  9    God:
Gold:   122        SH:  0    Dex: 14    Spells: 2/2 levels left

rFire   . . .      SeeInvis .    a - +0 trident
rCold   + . .      Faith    .    (no shield)
rNeg    . . .      Spirit   .    p - +0 ring mail {rC+}
rPois   .          Reflect  +    c - +0 helmet
rElec   .          Harm     .    (no cloak)
rCorr   .          Rampage  .    b - +0 pair of gloves
Will    .....                    (no boots)
Stlth   ..........               i - amulet of reflection
HPRegen 0.09/turn                (no ring)
MPRegen 0.08/turn                (no ring)

@: confused
A: claws 1, large bone plates 1
a: no special abilities


You were on level 3 of the Dungeon.
You visited 1 branch of the dungeon, and saw 3 of its levels.

You collected 122 gold pieces.

Inventory:

Hand Weapons
 a - a +0 trident (weapon)
 e - a +4 dagger of electrocution
Missiles
 s - a javelin (quivered)
Armour
 b - a +0 pair of gloves (worn)
 c - a +0 helmet (worn)
 k - a +2 kite shield of reflection
 p - a +0 ring mail of cold resistance (worn)
Jewellery
 i - an amulet of reflection (around neck)
Scrolls
 f - 2 scrolls of blinking {unknown}
 g - a scroll of amnesia {unknown}
 n - a scroll of identify {unknown}
 o - a scroll of summoning {unknown}
 q - a scroll of teleportation {unknown}
 t - a scroll of immolation {unknown}
Potions
 h - 2 potions of degeneration {unknown}
 j - a potion of magic {unknown}
 l - a potion of lignification {unknown}
 m - 3 potions of curing {unknown}
 r - a potion of mutation {unknown}


   Skills:
 + Level 2.8 Fighting
 * Level 3.8 Polearms
 - Level 1.7 Throwing
 - Level 2.6 Dodging


You had 2 spell levels left.
You didn't know any spells.
Your spell library contained the following spells:

 Spells                   Type           Power      Damage    Failure   Level
 Ensorcelled Hibernation  Hex/Ice        0%         N/A       75%         2
 Passwall                 Tmut/Erth      0%         N/A       75%         2
 Swiftness                Air            0%         N/A       93%         3


Dungeon Overview and Level Annotations

Branches:
Dungeon (3/15)

Altars:

Annotations:
D:3 Ijyb


Innate Abilities, Weirdness & Mutations

You have sharp fingernails.
You are partially covered in large bone plates. (SH +4)


Message History

Ijyb zaps a wand.
The bolt of light misses you.
Throw: throwing net
Press: ? - help, Q - select action, (/) - cycle Shift-Dir - straight line, f/p - Ijyb
Aim: Ijyb, wielding a +0 dagger, wearing a +0 scale mail and carrying a wand of light (4) (55% to hit)
You throw a throwing net. The throwing net hits Ijyb.
Ijyb is caught in the net!
Ijyb screams, "Get away!"
Ijyb struggles against the net.
Found a ring mail.
Ijyb struggles against the net.
You hit Ijyb but do no damage.
Ijyb struggles against the net.
Ijyb zaps a wand.
The bolt of light hits you!
Ouch! That really hurt!
Ijyb struggles against the net.
You are too injured to fight recklessly!
You are too injured to fight recklessly!
Unknown command.
You catch the helpless Ijyb completely off-guard!
You hit Ijyb but do no damage. You hit Ijyb.
Ijyb is moderately wounded.
Ijyb struggles against the net.
You hit Ijyb but do no damage.
Ijyb is moderately wounded.
Ijyb struggles against the net.
The net rips apart, and Ijyb comes free!
You hit Ijyb.
Ijyb is moderately wounded.
You block Ijyb's attack.
You barely miss Ijyb.
Ijyb is moderately wounded.
You block Ijyb's attack.
You hit Ijyb but do no damage.
Ijyb is moderately wounded.
You block Ijyb's attack.
You closely miss Ijyb.
Ijyb is lightly wounded.
Ijyb zaps a wand.
The bolt of light hits you!
You are confused.
Ouch! That really hurt!
You die...

#.# #.#####
#.....######
#.##.......#
#.##..####.#
#....<# #.#
####### #.#
.....#####.#
......>@...#
.#####g#####
... ....[
.......
##.....
#...#.
#.....


You could see Ijyb.

Vanquished Creatures
  Jessica (D:2)
  An adder (D:2)
  2 ball pythons (D:1)
  3 bats
  An endoplasm (D:1)
  A goblin (D:2)
  2 hobgoblins (D:2)
  3 kobolds (D:2)
  2 frilled lizards
  5 rats
21 creatures vanquished.

Notes
Turn   | Place    | Note
-------+----------+-------------------------------------------
     0 | D:1      | porpoise the Demonspawn Gladiator began the quest for the
                  | Orb.
     0 | D:1      | Reached XP level 1. HP: 16/16 MP: 1/1
   437 | D:1      | Reached skill level 3 in Polearms
   695 | D:2      | Gained mutation: You are partially covered in large bone
                  | plates. (SH +4) [demonic ancestry]
   695 | D:2      | Reached XP level 2. HP: 22/22 MP: 2/2
  1148 | D:2      | Noticed Jessica
  1154 | D:2      | Killed Jessica
  1155 | D:2      | Gained mutation: You have sharp fingernails. [demonic
                  | ancestry]
  1155 | D:2      | Reached XP level 3. HP: 18/28 MP: 3/3
  1408 | D:3      | Noticed Ijyb
  1423 | D:3      | Killed from afar by Ijyb

Illustrated notes

Levels and vault maps discovered:
D:1:      lightli_arrival_lavapool, layout_basic
D:2:      layout_basic, uniq_jessica
D:3:      layout_basic, amcnicky_altar_gilded, okawaru_metal_pillars_1_2,
          shapermc_ecumenical_altar_ellora, chequers_serial_rivers_small_b,
          uniq_ijyb

Skill      XL: |  1 |
---------------+----+-----
Polearms       | 3 |  3.8
Fighting       | |  2.8
Throwing       | |  1.7
Dodging        | |  2.6

Action                   || total
-------------------------++-------
Melee: Trident           ||    71
Throw: Throwing net      ||     3
       Javelin           ||     1
 Stab: Sleeping          ||     1
       Held in net/web   ||     1
Armor: Ring mail         ||    14
       Leather armour    ||     1
Dodge: Dodged            ||    25
Block: Other             ||    16
       Reflection        ||     1

Table legend: (Time is in decaauts)
 A = Elapsed time spent in this place.
 B = Non-inter-level travel time spent in this place.
 C = Inter-level travel time spent in this place.
 D = Time resting spent in this place.
 E = Time spent auto-exploring this place.
 F = Levels seen in this place.
 G = Mean time per level.
                   A        B        C        D        E       F      G
               +--------+--------+--------+--------+--------+-----+--------+
         Total |   1433 |   1396 |     37 |    234 |    916 |   3 |  477.7 |
       Dungeon |   1433 |   1396 |     37 |    234 |    916 |   3 |  477.7 |
               +--------+--------+--------+--------+--------+-----+--------+

Top non-repeatable levels by time:
     D:2: 747 daAuts
     D:1: 645 daAuts
     D:3: 40 daAuts
